 Dungeon Crawl Stone Soup version 0.27-a0-1116-g91b3acb402 (webtiles) character file.

Game seed: 3585353129912537793

319 leviel the Chopper (level 6, -6/56 HPs)
             Began as a Minotaur Fighter on May 2, 2021.
             Mangled by Menkaure (19 damage)
             ... on level 4 of the Dungeon.
             The game lasted 00:05:14 (3584 turns).

leviel the Chopper (Minotaur Fighter)               Turns: 3584, Time: 00:05:14

Health: -6/56      AC:  7    Str: 23    XL:     6   Next: 21%
Magic:  5/5        EV:  7    Int:  5    God:
Gold:   115        SH: 11    Dex:  9    Spells: 5/5 levels left

rFire    . . .     SeeInvis .   a - +0 war axe
rCold    . . .     Faith    .   c - +2 kite shield
rNeg     . . .     Spirit   .   b - +0 scale mail
rPois    .         Reflect  .   (helmet restricted)
rElec    .         Harm     .   (no cloak)
rCorr    +         Rampage  .   (no gloves)
Will     .....                  (no boots)
Stlth    ..........             (no amulet)
HPRegen  0.18/turn              e - ring of resist corrosion
MPRegen  0.09/turn              (no ring)

@: mighty
A: horns 2, retaliatory headbutt
a: no special abilities


You were on level 4 of the Dungeon.
You visited 1 branch of the dungeon, and saw 6 of its levels.

You collected 115 gold pieces.

Inventory:

Hand Weapons
 a - a +0 war axe (weapon)
Armour
 b - a +0 scale mail (worn)
 c - a +2 kite shield (worn)
Jewellery
 e - a ring of resist corrosion (left hand)
 g - a +4 ring of evasion
Scrolls
 h - a scroll of amnesia {unknown}
 i - a scroll of fear
 j - 3 scrolls of identify
Potions
 d - a potion of might
 f - 3 potions of curing
 k - 2 potions of heal wounds


   Skills:
 - Level 5.0 Fighting
 + Level 6.6 Axes
 - Level 4.1 Armour
 - Level 4.1 Shields


You had 5 spell levels left.
You didn't know any spells.
Your spell library contained the following spells:

 Spells                   Type           Power      Damage    Failure   Level
 Beastly Appendage        Tmut           0%         N/A       99%         1
 Wereblood                Tmut           0%         N/A       100%        2
 Confusing Touch          Hex            0%         N/A       100%        3
 Gell's Gravitas          Tloc           0%         N/A       100%        3
 Spider Form              Tmut/Pois      0%         N/A       100%        3
 Ice Form                 Ice/Tmut       0%         N/A       100%        4
 Petrify                  Tmut/Erth      0%         N/A       100%        4
 Hydra Form               Tmut           0%         N/A       100%        5
 Metabolic Englaciation   Hex/Ice        0%         N/A       100%        5
 Yara's Violent Unravell  Hex/Tmut       0%         3d3       100%        5


Dungeon Overview and Level Annotations

Branches:
Dungeon (6/15)
 Temple: D:4-7

Altars:
Ashenzari
Fedhas

Shops:
D:4 [[

Annotations:
D:4 Menkaure


Innate Abilities, Weirdness & Mutations

You have a pair of horns on your head.
You reflexively headbutt those who attack you in melee.


Message History

You can access your shopping list by pressing '$'.
There is an entrance to Biurum's Antique Armour Emporium here.
You can access your shopping list by pressing '$'.
Found a stone staircase leading up.
h - a scroll labelled FUUMUE AN JATS A hound comes into view.
A hound is nearby!
The hound barks!
You hear a shout!
Menkaure, Prince of Dust comes into view.
You miss the hound. Your headbutt misses the hound.
The hound bites you but does no damage. x2
Menkaure gestures wildly while chanting.
Menkaure seems to speed up.
You closely miss the hound. The hound barely misses you.
You block the hound's attack.
You barely miss the hound. You block the hound's attack.
Menkaure calls on the powers of darkness!
The hound convulses!
Your body is wracked with pain!
The hound bites you.
You are too injured to fight recklessly!
You are too injured to fight recklessly!
You are too injured to fight recklessly!
You are too injured to fight recklessly!
You are too injured to fight recklessly!
You are too injured to fight recklessly!
You feel very mighty all of a sudden. The hound bites you.
You block the hound's attack.
Your shield and scale mail prevent you from hitting the hound.
You headbutt the hound!
You kill the hound!
You block Menkaure's attack.
Your shield prevents you from hitting Menkaure.
Your headbutt misses Menkaure. Menkaure hits you.
Menkaure casts a spell at you. Pain shoots through your body!
* * * LOW HITPOINT WARNING * * *
You slash Menkaure!
Menkaure is severely damaged.
Menkaure sighs a few words.
Menkaure hits you!!
You die...

##
#........8........##
##................##
#.................###
#...................##
##..............####..
#∩..........#### ##.
#..........## ##
#####......# #@.##...#
#M.####### ..### ....
..... ..... .... ....


You could see Menkaure (fast).

Vanquished Creatures
  A scorpion (D:2)
  2 hounds
  2 orc priests (D:3)
  An iguana (D:4)
  4 adders
  2 worms
  10 orcs
  4 bats
  7 endoplasms
  4 giant cockroaches
  3 hobgoblins
  7 jackals (D:1)
  8 kobolds
  5 quokkas
  5 ball pythons
  6 frilled lizards
  4 goblins
  6 rats
81 creatures vanquished.

Vanquished Creatures (others)
  4 plants
4 creatures vanquished.

Grand Total: 85 creatures vanquished

Notes
Turn   | Place    | Note
-------+----------+-------------------------------------------
     0 | D:1      | leviel the Minotaur Fighter began the quest for the Orb.
     0 | D:1      | Reached XP level 1. HP: 19/19 MP: 0/0
    16 | D:1      | Found a faded altar of an unknown god.
    87 | D:1      | Reached XP level 2. HP: 26/27 MP: 1/1
   707 | D:1      | Reached XP level 3. HP: 27/33 MP: 2/2
  1181 | D:2      | Reached skill level 5 in Fighting
  1221 | D:2      | Reached XP level 4. HP: 41/42 MP: 3/3
  1249 | D:2      | Reached skill level 3 in Axes
  1462 | D:2      | Noticed a scorpion
  1468 | D:2      | Killed a scorpion
  1469 | D:2      | Reached skill level 4 in Axes
  1709 | D:2      | Reached XP level 5. HP: 39/48 MP: 4/4
  2095 | D:3      | Found a blossoming altar of Fedhas.
  2192 | D:3      | Reached skill level 5 in Axes
  2861 | D:3      | You fall into a shaft and drop 3 floors!
  2889 | D:5      | Entered Level 5 of the Dungeon
  2889 | D:5      | Noticed a black bear
  2889 | D:5      | Noticed an ogre
  2921 | D:6      | Reached skill level 6 in Axes
  2936 | D:5      | Noticed a phantom
  2972 | D:4      | Reached XP level 6. HP: 21/56 MP: 5/5
  3175 | D:4      | Found a broken altar of Ashenzari.
  3216 | D:4      | Found Biurum's Antique Armour Emporium.
  3470 | D:4      | Found Ronikiet's Antique Armour Boutique.
  3576 | D:4      | Noticed Menkaure
  3584 | D:4      | Mangled by Menkaure

Illustrated notes

Levels and vault maps discovered:
D:1:      dpeg_arrival_windows_large_door, layout_basic, basic_ecumenical_altar
D:2:      layout_loops_ring, minmay_between
D:3:      layout_loops_corners, overflow_temple_1_default, minmay_misc_feat_x
D:4:      layout_cave_pods, lemuel_crystal_altar, serial_shops,
          nicolae_shop_statue_plus, shop, nicolae_shop_statue_plus,
          uniq_menkaure
D:5:      layout_cave_pools, kennysheep_okawaru_gauntlet,
          minmay_temple_entry_gardened_gates, serial_column_ruins,
          column_ruins_hut, column_ruins_corridor_straight,
          column_ruins_columns_straight, column_ruins_grid_3,
          column_ruins_corridor_plus, column_ruins_open_tiny,
          ebering_ghost_inner_flame, corexii_corridor_pit, serial_bayou_ford_a
D:6:      layout_loops_corners, marbit_many_paths, general_overflow_altar,
          corexii_shack, uniq_eustachio

Skill      XL: |  1  2  3  4  5 |
---------------+----------------+-----
Shields        | 4 |  4.1
Armour         | 4 |  4.1
Fighting       | 4 5 |  5.0
Axes           | 4 6 |  6.6

Action                   |  1- 3 |  4- 6 || total
-------------------------+-------+-------++-------
Melee: War axe           |   107 |    95 ||   202
       Headbutt          |    10 |    14 ||    24
  Use: Scroll            |       |    10 ||    10
       Potion            |       |     1 ||     1
Armor: Scale mail        |    61 |    39 ||   100
Dodge: Dodged            |    35 |    26 ||    61
Block: Kite shield       |    64 |    58 ||   122

Table legend: (Time is in decaauts)
 A = Elapsed time spent in this place.
 B = Non-inter-level travel time spent in this place.
 C = Inter-level travel time spent in this place.
 D = Time resting spent in this place.
 E = Time spent auto-exploring this place.
 F = Levels seen in this place.
 G = Mean time per level.
                   A        B        C        D        E       F      G
               +--------+--------+--------+--------+--------+-----+--------+
         Total |   3689 |   3588 |    101 |    178 |   2806 |   6 |  614.8 |
       Dungeon |   3689 |   3588 |    101 |    178 |   2806 |   6 |  614.8 |
               +--------+--------+--------+--------+--------+-----+--------+

Top non-repeatable levels by time:
     D:1: 1095 daAuts
     D:3: 1032 daAuts
     D:2: 1030 daAuts
     D:4: 422 daAuts
     D:6: 75 daAuts
     D:5: 33 daAuts
